 Dungeon Crawl Stone Soup version 0.25.1-2-g60ff931df9 (webtiles) character file.

Game seed: 14653009191772057338

78 DearestLeader the Chopper (level 4, -1/39 HPs)
             Began as a Demonspawn Abyssal Knight on Oct 5, 2020.
             Was a Follower of Lugonu.
             Slain by Sigmund
             ... wielding a +0 scythe
              (6 damage)
             ... on level 2 of the Dungeon.
             The game lasted 00:03:20 (1718 turns).

DearestLeader the Chopper (DsAK)                    Turns: 1718, Time: 00:03:21

Health: -1/39      AC:  4    Str: 13 (14) XL:     4   Next: 15%
Magic:  5/5        EV: 11    Int: 10 (13) God:    Lugonu [*.....]
Gold:   105        SH:  0    Dex: 10 (12) Spells: 3/3 levels left

rFire    . . .     SeeInvis .   a - +1 hand axe
rCold    + . .     Gourm    .   (no shield)
rNeg     . . .     Faith    .   b - +0 leather armour
rPois    .         Spirit   .   (helmet restricted)
rElec    .         Reflect  .   (no cloak)
rCorr    .         Harm     .   (no gloves)
MR       ++...                  (no boots)
Stlth    +.........             (no amulet)
HPRegen  0.13/turn              d - ring of protection from magic
MPRegen  0.09/turn              r - ring of protection from cold

@: mighty, brilliant, hasted, very quick
A: antennae 1, rugged brown scales 1, magic resistance 1, powered by death 1,
powered by pain 1, robust 1
a: Depart the Abyss, Renounce Religion


You were on level 2 of the Dungeon.
You worshipped Lugonu.
Lugonu was aware of your devotion.
You were hungry.

You visited 1 branch of the dungeon, and saw 3 of its levels.
You visited the Abyss 1 time.

You collected 105 gold pieces.

Inventory:

Hand Weapons
 a - a +1 hand axe (weapon)
Armour
 b - a +0 leather armour (worn)
 q - a +0 helmet
 s - a +0 kite shield
Jewellery
 d - a ring of protection from magic (left hand)
 r - a ring of protection from cold (right hand)
Scrolls
 f - a scroll of identify {unknown}
 h - 2 scrolls of remove curse {unknown}
 i - a scroll of immolation {unknown}
 j - 2 scrolls of teleportation {unknown}
 k - a scroll of enchant armour {unknown}
 m - a scroll of magic mapping {unknown}
Potions
 l - a potion of brilliance
Comestibles
 c - 5 rations


   Skills:
 - Level 3.0 Fighting
 * Level 4.1 Axes
 - Level 1.7 Armour
 - Level 0.8 Dodging
 - Level 2.4 Invocations


You had 3 spell levels left.
You didn't know any spells.
Your spell library was empty.

Dungeon Overview and Level Annotations

Branches:
Dungeon (3/15)

Altars:

Annotations:
D:2 Sigmund


Innate Abilities, Weirdness & Mutations

You are partially covered in rugged brown scales. (AC +1, +3% HP)
You regenerate a little health from kills.
You sometimes gain a little power by taking damage.
You have a pair of small antennae on your head.
You are resistant to hostile enchantments. (MR+)
You are robust. (+10% HP)


Message History

It was a potion of degeneration.
There was something very wrong with that liquid.
You feel weakened.
You feel dopey.
You feel clumsy.
It was a potion of might.
You feel very mighty all of a sudden. Something hits you.
You miss something. You slash something!
You hear some strange, mumbled words.
A magic dart appears from out of thin air!
The magic dart hits you.
* * * LOW HITPOINT WARNING * * *
You closely miss something. You closely miss something.
Something hits you but does no damage.
You slash something! You miss something. Something hits you!
* * * LOW HITPOINT WARNING * * *
You miss something. You hit something. Something hits you.
You die...

### #.. ###
#########.. ... .
........... ... ..#
########... ..# $...
##########[##
##.###### #...
........##...
#.......#
#..############......
#.......#
#K{@....######.....>
#.......#
#######..........#..
........#######
##############
#.............#######
#........####.......<
#............########
...#########.###
##..# #...# ##..
###.###


You could see a kobold.

Vanquished Creatures
  Robin (D:2)
  3 adders (D:2)
  An ooze (D:1)
  A dart slug (D:2)
  6 giant cockroaches
  9 goblins
  4 hobgoblins (D:2)
  2 bats
  A frilled lizard (D:2)
  5 kobolds
  A rat (D:2)
34 creatures vanquished.

Notes
Turn   | Place    | Note
-------+----------+-------------------------------------------
     0 | Abyss:1  | DearestLeader the Demonspawn Abyssal Knight began the quest
                  | for the Orb.
     0 | Abyss:1  | Reached XP level 1. HP: 18/18 MP: 2/2
    25 | Abyss:1  | Noticed a wretched star
    25 | Abyss:1  | Noticed a lich
    26 | D:1      | Escaped the Abyss
   146 | D:1      | Reached skill level 2 in Axes
   187 | D:1      | Gained mutation: You regenerate a little health from kills.
                  | [demonic ancestry]
   187 | D:1      | Reached XP level 2. HP: 16/24 MP: 3/3
   680 | D:2      | Reached * piety under Lugonu
   792 | D:2      | Reached skill level 3 in Axes
   890 | D:2      | Gained mutation: You sometimes gain a little power by
                  | taking damage. [demonic ancestry]
   890 | D:2      | Reached XP level 3. HP: 25/29 MP: 4/4
   912 | D:2      | Noticed Robin
  1305 | D:2      | Killed Robin
  1531 | D:2      | Reached skill level 4 in Axes
  1531 | D:2      | Gained mutation: You are partially covered in rugged brown
                  | scales. (AC +1, +3% HP) [demonic ancestry]
  1531 | D:2      | Reached XP level 4. HP: 22/36 MP: 5/5
  1696 | D:2      | Noticed Sigmund
  1706 | D:2      | Gained mutation: You are robust. (+10% HP) [potion of
                  | mutation]
  1706 | D:2      | Gained mutation: You are resistant to hostile enchantments.
                  | (MR+) [potion of mutation]
  1706 | D:2      | Gained mutation: You have a pair of small antennae on your
                  | head. [potion of mutation]
  1718 | D:2      | Slain by Sigmund

Illustrated notes

Levels and vault maps discovered:
D:1:      dpeg_arrival_refuge, layout_basic
D:2:      layout_rooms, minmay_fractal_squares_gapless_5, uniq_robin,
          uniq_sigmund, uniq_crazy_yiuf_cottage
D:3:      cheibrodos_pilgrimage, layout_basic, elyvilon_altar_3, st_stairs_7,
          uniq_jessica

Skill      XL: |  1  2  3 |
---------------+----------+-----
Axes           | 2 3 4 |  4.1
Fighting       | |  3.0
Armour         | |  1.7
Dodging        | |  0.8
Invocations    | |  2.4

Action                   |  1- 3 |  4- 6 || total
-------------------------+-------+-------++-------
Melee: Hand axe          |   118 |    14 ||   132
Invok: Depart the Abyss  |     1 |       ||     1
  Use: Potion            |       |     6 ||     6
  Eat: Chunk             |     2 |       ||     2
Armor: Leather armour    |    38 |     1 ||    39
Dodge: Dodged            |    59 |     4 ||    63
